 Dungeon Crawl Stone Soup version 0.29-a0-340-g6efceafd81 (webtiles) character file.

Game seed: 7245954167217670341

39 spaghetti the Ducker (level 3, -3/27 HPs)
             Began as an Octopode Fighter on Apr 20, 2022.
             Slain by a gnoll
             ... wielding a +0 club
              (7 damage)
             ... on level 2 of the Dungeon.
             The game lasted 00:00:59 (556 turns).

spaghetti the Ducker (Octopode Fighter)              Turns: 556, Time: 00:01:00

Health: -3/27      AC:  1    Str: 15    XL:     3   Next: 45%
Magic:  3/3        EV: 13    Int: 10    God:
Gold:   42         SH:  4    Dex: 13    Spells: 2/2 levels left

rFire   . . .      SeeInvis .   a - +0 trident {polearm}
rCold   . . .      Faith    +   b - +0 buckler
rNeg    . . .      Spirit   .   (helmet restricted)
rPois   .          Reflect  .   f - amulet of faith {!P}
rElec   .          Harm     .   (no ring)
rCorr   .          Rampage  .   (no ring)
Will    .....                   (no ring)
Stlth   ++........              (no ring)
HPRegen 0.09/turn               (no ring)
MPRegen 0.08/turn               (no ring)
                                (no ring)
                                (no ring)

@: no status effects
A: almost no armour, amphibious, 8 rings, camouflage 1, gelatinous body 1,
(nimble swimmer 1), tentacles
a: no special abilities


You were on level 2 of the Dungeon.
You visited 1 branch of the dungeon, and saw 2 of its levels.

You collected 42 gold pieces.


Innate Abilities, Weirdness & Mutations

You cannot wear most types of armour.
You are amphibious.
You can wear up to eight rings at the same time.
Your skin changes colour to match your surroundings (Stealth+).
Your rubbery body absorbs attacks. (AC +1, EV +1)
((You are camouflaged when in or above water. (Stealth+)))
You have tentacles for arms and can constrict up to eight enemies at once.


   Skills:
 + Level 3.6 Fighting
 - Level 2.0 Polearms
 * Level 0.7 Throwing
 + Level 3.6 Dodging
 - Level 3.0 Shields


You had 2 spell levels left.
You didn't know any spells.
Your spell library was empty.

Inventory:

Hand Weapons
 a - a +0 trident (weapon) {polearm}
Missiles
 g - 28 stones (quivered) {throwing}
 m - 5 javelins {throwing}
Armour
 b - a +0 buckler (worn)
Jewellery
 f - an amulet of faith (around mantle) {!P}
   (You found it on level 1 of the Dungeon)
Scrolls
 d - a scroll of vulnerability {unknown}
 e - 2 scrolls of teleportation {unknown}
 h - a scroll of identify {unknown}
 j - a scroll of torment {unknown}
Potions
 c - a potion of might
 i - a potion of lignification {unknown}
 k - a potion of heal wounds {unknown}
 l - a potion of resistance {unknown}

Dungeon Overview and Level Annotations

Branches:
Dungeon (2/15)

Altars:

.( #(.## .##...) ##.
S...... ... ....# ....
#.g.#..#.. ###...#.....
##...gg..^...
##....@......# .
###..†........##
..#######...#†........#
...<......###...........
..######### #......(..##
. ....####..... ..#...
##### .#.###.. . ##


You could see 2 gnolls, an adder and a hobgoblin.


Message History

You throw a stone {throwing}.
The stone {throwing} barely misses the quokka.
You throw a stone {throwing}.
The stone {throwing} barely misses the quokka.
You reach to attack!
You hit the quokka. You barely miss the quokka. Your grab misses the quokka.
The quokka bites you but does no damage.
The quokka barely misses you.
You puncture the quokka!
You kill the quokka!
No target in view!
No target in view!
No target in view!
No target in view!
No target in view!
No target in view!
No target in view!
No target in view!
No target in view!
No target in view!
No target in view!
You see here a quokka corpse.
A hobgoblin comes into view.
The hobgoblin moves out of view.
g - 31 stones {throwing} (gained 1)
g - 32 stones {throwing} (gained 1)
A gnoll and a hobgoblin come into view.
There are monsters nearby!
You throw a stone {throwing}. The stone {throwing} hits the gnoll.
You throw a stone {throwing}.
The stone {throwing} hits the hobgoblin but does no damage.
The hobgoblin shouts!
You hear a shout!
A gnoll comes into view. It is wielding a +0 club.
You throw a stone {throwing}.
The stone {throwing} barely misses the gnoll. x2
The gnoll shouts!
You hear a bark!
A bat comes into view.
You throw a stone {throwing}.
The stone {throwing} completely misses the gnoll.
The stone {throwing} closely misses the gnoll.
You completely miss the bat. You grab the bat. Your squeeze misses the bat.
You constrict the bat.
You kill the bat!
You puncture the gnoll! You grab the gnoll.
You constrict the gnoll, but do no damage.
The gnoll hits you with a +0 club. x2
You are too injured to fight recklessly!
You are too injured to fight recklessly!
You are too injured to fight recklessly!
You are too injured to fight recklessly!
You are too injured to fight recklessly!
You are too injured to fight recklessly!
You are too injured to fight recklessly!
You are too injured to fight recklessly! 😕 HP[-3]
You take 3 damage, and now have 23/26 hp.
You are too injured to fight recklessly!
You are too injured to fight recklessly!
You are too injured to fight recklessly!
You are too injured to fight recklessly!
You are too injured to fight recklessly!
You are too injured to fight recklessly!
You are too injured to fight recklessly!
You are too injured to fight recklessly!
You are too injured to fight recklessly!
You are too injured to fight recklessly!
You are too injured to fight recklessly!
You are too injured to fight recklessly!
You are too injured to fight recklessly!
You are too injured to fight recklessly!
You are too injured to fight recklessly!
You are too injured to fight recklessly!
You are too injured to fight recklessly!
You are too injured to fight recklessly!
Unknown command.
You hit the gnoll.
You kill the gnoll!
A gnoll comes into view. It is wielding a +0 club.
The hobgoblin hits you. 😕 HP[-2]
You now have 27 max hp (+1).
You take 2 damage, and now have 21/27 hp.
You hit the hobgoblin. Your grab misses the hobgoblin.
You squeeze the hobgoblin, but do no damage.
The hobgoblin closely misses you.
You closely miss the gnoll. You grab the gnoll.
You constrict the gnoll, but do no damage.
The gnoll hits you with a +0 club! The hobgoblin hits you.
* * * LOW HITPOINT WARNING * * *
An adder comes into view. 😨 HP[-9]
You take 9 damage, and now have 12/27 hp.
MASSIVE DAMAGE!! (PAUSE)
The adder hisses angrily.
You puncture the gnoll! You constrict the gnoll.
You hear a bark!
The gnoll hits you with a +0 club!
* * * LOW HITPOINT WARNING * * *
You block the hobgoblin's attack. The gnoll hits you with a +0 club!
You die...

Action                   || total
-------------------------++-------
Melee: Trident           ||    35
       Constrict         ||     6
       Tentacles         ||     3
Throw: Stone             ||    26
Armor: Skin              ||     1
Dodge: Dodged            ||    10
Block: Buckler           ||     2

Levels and vault maps discovered:
D:1:      eino_arrival_water_cross, layout_basic
D:2:      layout_rooms, uniq_natasha, uniq_jessica

Notes
Turn   | Place    | Note
-------+----------+-------------------------------------------
     0 | D:1      | spaghetti the Octopode Fighter began the quest for the Orb.
     0 | D:1      | Reached XP level 1. HP: 16/16 MP: 1/1
     0 | D:1      | magus.rc [v1.9.6]
   189 | D:1      | Reached XP level 2. HP: 20/21 MP: 2/2
   514 | D:2      | Reached XP level 3. HP: 26/26 MP: 3/3
   556 | D:2      | HP: 4/27 [gnoll/+0 club (8)]
   556 | D:2      | Slain by a gnoll

Vanquished Creatures
  An adder (D:2)
  A gnoll (D:2)
  2 dart slugs (D:1)
  A ball python (D:1)
  2 endoplasms
  3 hobgoblins
  2 quokkas
  2 bats
  A frilled lizard (D:1)
  A goblin (D:1)
16 creatures vanquished.

Table legend:
 A = Non-vault XP
 B = Vault XP
 C = Vault XP percentage of total XP
 D = Non-vault monster count
 E = Vault monster count
 F = Vault count percentage of total count
                 A         B        C        D         E       F
            +---------+---------+-------+---------+---------+-------
      Total |      56 |       0 |   0.0 |      16 |       0 |   0.0
            +---------+---------+-------+---------+---------+-------
        D:1 |      21 |       0 |   0.0 |      10 |       0 |   0.0
        D:2 |      35 |       0 |   0.0 |       6 |       0 |   0.0
            +---------+---------+-------+---------+---------+-------

Illustrated notes

Table legend:
 A = Kills in this place as a percentage of kills in entire the game.
 B = Kills by you in this place as a percentage of kills by you in the entire game.
 C = Kills by friends in this place as a percentage of kills by friends in the entire game.
 D = Other kills in this place as a percentage of other kills in the entire game.
 E = Experience gained in this place as a percentage of experience gained in the entire game.
 F = Experience gained in this place divided by the number of levels of this place that you have seen.
                   A       B       C       D       E      F
               +-------+-------+-------+-------+-------+----------------------
         Total | 100.0 | 100.0 |   N/A |   N/A | 100.0 |  28.0
       Dungeon | 100.0 | 100.0 |   N/A |   N/A | 100.0 |  28.0
               +-------+-------+-------+-------+-------+----------------------

Table legend: (Time is in decaauts)
 A = Elapsed time spent in this place.
 B = Non-inter-level travel time spent in this place.
 C = Inter-level travel time spent in this place.
 D = Time resting spent in this place.
 E = Time spent auto-exploring this place.
 F = Levels seen in this place.
 G = Mean time per level.
                   A        B        C        D        E       F      G
               +--------+--------+--------+--------+--------+-----+--------+
         Total |    567 |    547 |     20 |      0 |    433 |   2 |  283.5 |
       Dungeon |    567 |    547 |     20 |      0 |    433 |   2 |  283.5 |
               +--------+--------+--------+--------+--------+-----+--------+

Top non-repeatable levels by time:
     D:1: 510 daAuts
     D:2: 56 daAuts
